 Dungeon Crawl Stone Soup version 0.31-a0-1616-gbeaec30b81 (webtiles) character file.

Game seed: 17337558781459946263

2123 shadizar the Magician (level 9, -5/70 HPs)
             Began as a Gnoll Wanderer on Jan 10, 2024.
             Was a Follower of Okawaru.
             Succumbed to a killer bee's poison
             ... on level 6 of the Dungeon.
             The game lasted 00:13:10 (6418 turns).

shadizar the Magician (Gnoll Wanderer)              Turns: 6418, Time: 00:13:11

Health: -5/70      AC: 17    Str: 16    XL:     9   Next: 29%
Magic:  7/19       EV:  6    Int: 15    God:    Okawaru [*.....]
Gold:   329        SH:  0    Dex:  8    Spells: 20/21 levels left

rFire   + . .        a - +2 mace (heavy)
rCold   x . .        (no shield)
rNeg    . . .        g - +0 plate armour
rPois   .            u - +2 helmet "Zese" {Harm}
rElec   .            r - +0 cloak
rCorr   .            (no gloves)
SInv    .            (no boots)
Will    .....        d - amulet of guardian spirit Stlth
                     q - ring of fire
HPRegen 0.31/turn    (no ring)
MPRegen 0.16/turn

%: harm (+30% outgoing, +20% incoming), guardian spirit
@: lethally poisoned (-5 -> -31), studying Armour
A: fangs 1, strong nose, distributed training
a: Renounce Religion, Heroism


You were on level 6 of the Dungeon.
You worshipped Okawaru.
Okawaru was aware of your devotion.
You visited 2 branches of the dungeon, and saw 8 of its levels.

You collected 329 gold pieces.

Inventory:

Hand Weapons
 a - a +2 heavy mace (weapon)
 i - a +0 club
Armour
 g - a +0 plate armour (worn)
 m - an orb of mayhem
 r - a +0 cloak (worn)
 u - the +2 helmet "Zese" (worn) {Harm}
   (You took it off Robin on level 2 of the Dungeon)

   Harm:      It increases damage dealt and taken.
 y - a +0 chain mail
Jewellery
 d - an amulet of guardian spirit (around neck)
 n - an amulet of magic regeneration
 q - a ring of fire (left hand)
 v - an amulet of reflection
Talismans
 j - a beast talisman
Wands
 b - a wand of polymorph (3)
Scrolls
 k - 4 scrolls of teleportation
 w - a scroll of enchant weapon
 x - a scroll of noise
Potions
 c - 2 potions of lignification {unknown}
 e - a potion of heal wounds {unknown}
 f - a potion of attraction
 h - 2 potions of cancellation
 l - a potion of might {unknown}
 o - a potion of brilliance {unknown}
 p - a potion of resistance {unknown}
 s - a potion of mutation {unknown}
 t - a potion of invisibility {unknown}
 z - a potion of curing


   Skills:
 + Level 6.3 Fighting
 + Level 4.2 Short Blades
 + Level 4.2 Long Blades
 + Level 4.2 Axes
 + Level 5.0 Maces & Flails
 + Level 4.2 Polearms
 + Level 4.2 Staves
 + Level 4.2 Ranged Weapons
 + Level 4.2 Throwing
 + Level 5.9 Armour
 + Level 5.0 Dodging
 + Level 4.2 Stealth
 + Level 4.2 Shields
 + Level 4.2 Unarmed Combat
 + Level 6.6 Spellcasting
 + Level 3.5 Conjurations
 + Level 3.5 Hexes
 + Level 5.2 Summonings
 + Level 3.5 Necromancy
 + Level 3.5 Translocations
 + Level 3.5 Fire Magic
 + Level 3.5 Ice Magic
 + Level 3.5 Air Magic
 + Level 3.5 Earth Magic
 + Level 3.5 Alchemy
 + Level 4.7 Invocations
 + Level 5.0 Evocations
 + Level 3.8 Shapeshifting


You had 20 spell levels left.
You knew the following spells:

 Your Spells              Type           Power      Damage    Failure   Level
a - Summon Small Mammal   Summ           80%        N/A       58%         1

Your spell library contained the following spells:

 Spells                   Type           Power      Damage    Failure   Level
 Apportation              Tloc           30%        N/A       83%         1
 Kiss of Death            Conj/Necr      60%        2d10      83%         1
 Necrotise                Necr           60%        1d7       83%         1
 Slow                     Hex            60%        N/A       83%         1
 Sting                    Conj/Alch      60%        1d6       83%         1
 Jinxbite                 Hex            30%        N/A       92%         2
 Confusing Touch          Hex            15%        N/A       99%         3
 Sigil of Binding         Hex            15%        N/A       99%         3
 Vampiric Draining        Necr           15%        2d7       99%         3
 Dimensional Bullseye     Hex/Tloc       7%         N/A       100%        4
 Dispel Undead            Necr           15%        3d10      100%        4
 Iskenderun's Mystic Bla  Conj/Tloc      15%        2d5       100%        4
 Alistair's Intoxication  Alch           10%        N/A       100%        5
 Summon Ice Beast         Ice/Summ       Unusable   N/A       N/A         3
 Tukima's Dance           Hex            Unusable   N/A       N/A         3
 Martyr's Knell           Necr/Summ      Unusable   N/A       N/A         4

Dungeon Overview and Level Annotations

Branches:
Dungeon (7/15)             Temple (1/1) D:5

Altars:
Ashenzari
Dithmenos
Elyvilon
Fedhas
Gozag
Kikubaaqudgha
Makhleb
Okawaru
Ru
Sif Muna
Uskayaw
Vehumet
Wu Jian
Xom
Zin
The Shining One

Shops:
D:7 =

Annotations:
D:2 1 runed translucent door, Crazy Yiuf
D:3 Grinder


Innate Abilities, Weirdness & Mutations

You have very sharp teeth.
Your uncanny sense of smell can sniff out nearby items.
Your experience applies equally to all skills.


Message History

The killer bee poisons you!
You feel very sick. The killer bee closely misses you.
The killer bee stings you but does no damage.
You feel very sick.
The killer bee attacks as it pursues you!
The killer bee stings you but does no damage.
The killer bee barely misses you.
The killer bee stings you but does no damage.
You feel very sick.
The killer bee stings you but does no damage.
The killer bee stings you.
* * * LOW HITPOINT WARNING * * *
You are lethally poisoned!
The killer bee poisons you!
* * * LOW HITPOINT WARNING * * *
You feel very sick.
The killer bee attacks as it pursues you!
The killer bee stings you.
* * * LOW HITPOINT WARNING * * *
The killer bee stings you.
* * * LOW HITPOINT WARNING * * *
You are more poisoned.
The killer bee poisons you!
Things that are here:
a +0 hand axe; a +0 flail
* * * LOW HITPOINT WARNING * * *
You feel very sick.
The killer bee stings you but does no damage.
The killer bee stings you.
There is a stone staircase leading up here.
* * * LOW HITPOINT WARNING * * *
You feel very sick. The killer bee barely misses you.
The killer bee stings you but does no damage. x2
The killer bee stings you.
You are more poisoned.
The killer bee poisons you!
You climb upwards.
You die...

######## ###....
#......#####......
#......##.........
#######...........##....
#..................#....
######..####......##.##......
#.......# #~.........##.....
#.#####.#####†........##.###.
#.# #....y@y.............#.
#.### #.#................#...
#...# #.##.......^....#......
###.###..#..............#...#
#...............#...##....#
######...........#.[#...#.#
#.<.....(..###......#.#.#
#...#......####....#....#
#.......#..##............


You could see 2 killer bees.

Vanquished Creatures
  Sigmund (D:4)
  A wraith (D:5)
  Eustachio (D:5)
  2 water moccasins
  A sky beast (D:6)
  A black bear (D:6)
  2 ogres
  A centaur (D:6)
  Blork the orc (D:5)
  2 bullfrogs (D:6)
  A scorpion (D:5)
  A killer bee (D:7)
  3 orc priests
  A jelly (D:6)
  3 hounds
  Jessica (D:2)
  2 sleepcaps (D:4)
  6 iguanas
  An orc wizard (D:6)
  Robin (D:2)
  10 adders
  4 ufetubi
  7 dart slugs
  4 ribbon worms
  10 orcs
  5 ball pythons
  4 endoplasms
  5 giant cockroaches
  15 goblins
  8 hobgoblins
  9 jackals
  5 kobolds
  7 quokkas
  13 bats
  5 frilled lizards
  4 rats
148 creatures vanquished.

Notes
Turn   | Place    | Note
-------+----------+-------------------------------------------
     0 | D:1      | shadizar the Gnoll Wanderer began the quest for the Orb.
     0 | D:1      | shadizar set off with the following items: a +1 mace, a
                  | potion of haste, a +0 robe; and the following spell
                  | memorised: Summon Small Mammal; and the following spells
                  | available to memorise: Summon Ice Beast, Martyr's Knell.
     0 | D:1      | Reached XP level 1. HP: 20/20 MP: 6/6
     6 | D:1      | Noticed a polar bear
     6 | D:1      | Noticed a crocodile
     7 | D:1      | Noticed a hog
     7 | D:1      | Noticed a swamp drake
   179 | D:1      | Reached XP level 2. HP: 21/26 MP: 7/7
   428 | D:1      | Reached skill level 5 in Spellcasting
   428 | D:1      | Reached XP level 3. HP: 31/31 MP: 7/9
   607 | D:1      | Reached skill level 1 in Invocations
   805 | D:2      | Reached skill level 1 in Short Blades
   805 | D:2      | Reached skill level 1 in Long Blades
   805 | D:2      | Reached skill level 1 in Axes
   805 | D:2      | Reached skill level 1 in Polearms
   805 | D:2      | Reached skill level 1 in Staves
   805 | D:2      | Reached skill level 1 in Ranged Weapons
   805 | D:2      | Reached skill level 1 in Throwing
   805 | D:2      | Reached skill level 1 in Stealth
   805 | D:2      | Reached skill level 1 in Shields
   805 | D:2      | Reached skill level 1 in Unarmed Combat
   944 | D:2      | Noticed Jessica
   967 | D:2      | Killed Jessica
   968 | D:2      | Reached skill level 1 in Shapeshifting
   968 | D:2      | Reached XP level 4. HP: 17/38 MP: 6/11
  1162 | D:2      | Reached skill level 1 in Conjurations
  1162 | D:2      | Reached skill level 1 in Hexes
  1162 | D:2      | Reached skill level 1 in Necromancy
  1162 | D:2      | Reached skill level 1 in Translocations
  1162 | D:2      | Reached skill level 1 in Fire Magic
  1162 | D:2      | Reached skill level 1 in Ice Magic
  1162 | D:2      | Reached skill level 1 in Air Magic
  1162 | D:2      | Reached skill level 1 in Earth Magic
  1162 | D:2      | Reached skill level 1 in Alchemy
  1533 | D:2      | Identified the +2 helmet "Zese" {Harm}
  1533 | D:2      | Noticed Robin
  1545 | D:2      | Killed Robin
  1546 | D:2      | Reached XP level 5. HP: 32/43 MP: 8/12
  1726 | D:2      | Found a runed translucent door.
  1727 | D:2      | Noticed Crazy Yiuf
  1926 | D:3      | You fall into a shaft and drop 1 floor!
  2114 | D:4      | Noticed Sigmund
  2148 | D:3      | Noticed Grinder
  2185 | D:3      | Reached XP level 6. HP: 45/50 MP: 14/14
  2568 | D:3      | Paralysed by Grinder for 2 turns
  2739 | D:4      | Reached skill level 5 in Fighting
  3289 | D:4      | Killed Sigmund
  3290 | D:4      | Reached XP level 7. HP: 31/56 MP: 9/15
  3580 | D:5      | Entered Level 5 of the Dungeon
  3580 | D:5      | Noticed Eustachio
  3596 | D:5      | Killed Eustachio
  3851 | D:5      | Noticed a wraith
  3865 | D:5      | Killed a wraith
  3866 | D:5      | Reached XP level 8. HP: 46/63 MP: 11/16
  3913 | D:5      | Noticed a yak
  4082 | D:5      | Noticed Blork the orc
  4697 | D:5      | Killed Blork the orc
  5152 | D:5      | Found a staircase to the Ecumenical Temple.
  5174 | Temple   | Entered the Ecumenical Temple
  5184 | Temple   | Became a worshipper of Warmaster Okawaru
  5276 | D:6      | Reached skill level 5 in Armour
  5285 | D:6      | HP: 1/64 [iguana (7)]
  5564 | D:6      | Reached skill level 5 in Summonings
  5577 | D:6      | Reached XP level 9. HP: 31/69 MP: 9/18
  5832 | D:6      | Reached * piety under Okawaru
  6232 | D:7      | Found Zaithua's Jewellery Shoppe.
  6241 | D:7      | Reached skill level 5 in Maces & Flails
  6241 | D:7      | Reached skill level 5 in Dodging
  6241 | D:7      | Reached skill level 5 in Evocations
  6388 | D:7      | Found an ornate altar of the Wu Jian Council.
  6418 | D:6      | Succumbed to a killer bee's poison

Illustrated notes

Levels and vault maps discovered:
D:1:      onia_arrival_zoo_common, layout_basic, minmay_misc_feat_encased
D:2:      layout_loops_ring, minmay_misc_feat_hallway, st_stairs_9,
          uniq_jessica, uniq_crazy_yiuf_cottage, uniq_robin
D:3:      layout_basic, uniq_grinder
D:4:      layout_loops_cross, roderic_batcave, uniq_sigmund
D:5:      layout_rooms, minmay_temple_entry_glassed_door, minmay_hedge_maze,
          minmay_manual_mess, uniq_eustachio, uniq_blork_the_orc
D:6:      layout_rooms
D:7:      layout_rooms, mainiacjoe_overflow_tiny_flanked,
          gammafunk_temple_overflow_statue, jmf_multi_god_temple2, serial_shops,
          shop
Temple:   nicolae_temple_bog_church

Skill      XL: |  1  2  3  4  5  6  7  8  9 |
---------------+----------------------------+-----
Spellcasting   | 5 6 |  6.6
Invocations    | 1 2 3 4 |  4.7
Short Blades   | 1 2 3 4 |  4.2
Long Blades    | 1 2 3 4 |  4.2
Axes           | 1 2 3 4 |  4.2
Polearms       | 1 2 3 4 |  4.2
Staves         | 1 2 3 4 |  4.2
Ranged Weapons | 1 2 3 4 |  4.2
Throwing       | 1 2 3 4 |  4.2
Stealth        | 1 2 3 4 |  4.2
Shields        | 1 2 3 4 |  4.2
Unarmed Combat | 1 2 3 4 |  4.2
Shapeshifting  | 1 2 3 |  3.8
Conjurations   | 1 2 3 |  3.5
Hexes          | 1 2 3 |  3.5
Necromancy     | 1 2 3 |  3.5
Translocations | 1 2 3 |  3.5
Fire Magic     | 1 2 3 |  3.5
Ice Magic      | 1 2 3 |  3.5
Air Magic      | 1 2 3 |  3.5
Earth Magic    | 1 2 3 |  3.5
Alchemy        | 1 2 3 |  3.5
Maces & Flails | 3 4 5 |  5.0
Armour         | 3 4 5 |  5.9
Dodging        | 3 4 5 |  5.0
Evocations     | 3 4 5 |  5.0
Summonings     | 4 5 |  5.2
Fighting       | 5 6 |  6.3

Action                     |  1- 3 |  4- 6 |  7- 9 || total
---------------------------+-------+-------+-------++-------
  Melee: Mace              |   136 |   286 |   244 ||   666
         Bite              |    15 |    22 |    31 ||    68
         Punch             |       |     2 |    10 ||    12
    Use: Scroll            |       |       |    12 ||    12
         Potion            |       |       |     6 ||     6
 Armour: Robe              |    43 |       |       ||    43
         Plate armour      |    77 |   504 |   485 ||  1066
  Dodge: Dodged            |    64 |   110 |   127 ||   301

Table legend: (Time is in decaauts)
 A = Elapsed time spent in this place.
 B = Non-inter-level travel time spent in this place.
 C = Inter-level travel time spent in this place.
 D = Time resting spent in this place.
 E = Time spent auto-exploring this place.
 F = Levels seen in this place.
 G = Mean time per level.
                   A        B        C        D        E       F      G
               +--------+--------+--------+--------+--------+-----+--------+
         Total |   6611 |   6439 |    172 |      0 |   4502 |   8 |  826.4 |
       Dungeon |   6590 |   6437 |    153 |      0 |   4502 |   7 |  941.4 |
        Temple |     20 |      1 |     19 |      0 |      0 |   1 |   20.0 |
               +--------+--------+--------+--------+--------+-----+--------+

Top non-repeatable levels by time:
     D:4: 1975 daAuts
     D:2: 1254 daAuts
     D:5: 1135 daAuts
     D:1: 808 daAuts
     D:6: 790 daAuts
     D:3: 511 daAuts
     D:7: 114 daAuts
  Temple: 20 daAuts
